 Dungeon Crawl Stone Soup version 0.29.0-4-gdea44cf6ec (webtiles) character file.

Game seed: 15354828172229745818

3 qw the Chopper (level 1, -1/12 HPs)
             Began as a Tengu Warper on Aug 28, 2022.
             Slain by a kobold
             ... wielding a +0 dagger
              (3 damage)
             ... on level 1 of the Dungeon.
             The game lasted 00:00:00 (89 turns).

qw the Chopper (Tengu Warper)                         Turns: 89, Time: 00:00:00

Health: -1/12      AC:  3    Str: 11    XL:     1   Next: 50%
Magic:  4/4        EV: 11    Int: 13    God:
Gold:   5          SH:  0    Dex: 13    Spells: 4/4 levels left

rFire   . . .      SeeInvis .   a - +0 hand axe
rCold   . . .      Faith    .   (no shield)
rNeg    . . .      Spirit   .   b - +0 leather armour
rPois   .          Reflect  .   (helmet restricted)
rElec   .          Harm     .   (no cloak)
rCorr   .          Rampage  .   (no gloves)
Will    .....                   (boots unavailable)
Stlth   +.........              (no amulet)
HPRegen 0.04/turn               (no ring)
MPRegen 0.09/turn               (no ring)

@: no status effects
A: beak, talons 3
a: no special abilities


You were on level 1 of the Dungeon.
You visited 1 branch of the dungeon, and saw 1 of its levels.

You collected 5 gold pieces.


Innate Abilities, Weirdness & Mutations

You have a beak for a mouth.
You have claws for feet.


   Skills:
 - Level 2.0 Fighting
 + Level 2.5 Axes
 - Level 1.0 Throwing
 - Level 1.1 Armour
 - Level 2.1 Dodging
 - Level 2.0 Spellcasting
 - Level 2.4 Translocations


You had 4 spell levels left.
You didn't know any spells.
Your spell library contained the following spells:

 Spells                   Type           Power      Damage    Failure   Level
 Blink                    Tloc           14%        N/A       19%         2
 Gell's Gravitas          Tloc           7%         N/A       36%         3
 Lesser Beckoning         Tloc           7%         N/A       36%         3
 Teleport Other           Tloc           7%         N/A       36%         3
 Manifold Assault         Tloc           7%         N/A       98%         5

Inventory:

Hand Weapons
 a - a +0 hand axe (weapon)
Missiles
 d - 4 boomerangs of dispersal (quivered)
Armour
 b - a +0 leather armour (worn)
Scrolls
 c - a scroll of blinking

Dungeon Overview and Level Annotations

Branches:
Dungeon (1/15)

Altars:


Message History

Press: ? - help, Q - select action Shift-Dir - straight line, f - ball python You throw a boomerang of dispersal.
The boomerang of dispersal barely misses the ball python.
A kobold comes into view. It is wielding a +0 dagger.
82 ||| Stepping ~*~*~tactically~*~*~ (stealth).
The bat enters a dispersal trap!
The ball python blinks! x2; You blink.
The bat blinks!
The ball python bites you. The ball python grabs you.
The ball python constricts you.
You completely miss the ball python.
The kobold shouts!
You claw the ball python.
The ball python is heavily wounded.
The ball python bites you. The ball python constricts you.
The bat closely misses you.
The kobold throws a stone.
The stone hits you.
The ball python bites you but does no damage.
The ball python constricts you. The bat hits you but does no damage.
You barely miss the ball python. You claw the ball python.
The ball python is severely wounded.
You barely miss the bat. The bat hits you but does no damage.
The ball python bites you. The ball python constricts you.
You completely miss the ball python. Your kick misses the ball python.
The ball python is severely wounded.
You miss the bat. The bat hits you but does no damage.
The ball python bites you but does no damage.
The ball python constricts you. The ball python bites you.
The ball python constricts you.
You hit the ball python.
You kill the ball python!
You closely miss the bat. The bat hits you but does no damage.
You barely miss the bat. Your kick misses the bat. The bat barely misses you.
You closely miss the bat. Your kick misses the bat.
You peck the bat, but do no damage. The bat hits you but does no damage.
You miss the kobold. Your kick misses the kobold. Your peck misses the kobold.
The bat hits you but does no damage. The kobold hits you with a +0 dagger.
You die...

.. #. #.## ..# #####
##.######### ....#######
#..........#
###...>.).###..^K......#
#######......!@......# #
####.....%.....# #
#......b......# #
#...[.........# #
#....!........# #
#.............#
#.........>...#
#.##..........#


You could see a bat and a kobold.

Vanquished Creatures
  A ball python (D:1)
  A giant cockroach (D:1)
  A kobold (D:1)
3 creatures vanquished.

Notes
Turn   | Place    | Note
-------+----------+-------------------------------------------
     0 | D:1      | qw the Tengu Warper began the quest for the Orb.
     0 | D:1      | Reached XP level 1. HP: 12/12 MP: 4/4
     0 | D:1      | 0 ||| qw: Version: 0.1-a-89-g26bdef1
     0 | D:1      | 0 ||| qw: Game counter: 3037
     0 | D:1      | 0 ||| qw: Always use a shield: true
     0 | D:1      | 0 ||| qw: God list: Okawaru
     0 | D:1      | 0 ||| qw: Allow faded altars: false
     0 | D:1      | 0 ||| qw: Do Orc after D:15 true
     0 | D:1      | 0 ||| qw: Do second Lair branch before Depths: true
     0 | D:1      | 0 ||| qw: Lair rune preference: random
     0 | D:1      | 0 ||| qw: Plans: Normal
     0 | D:1      | 0 ||| PLANNING D:1-11
    82 | D:1      | 82 ||| Stepping ~*~*~tactically~*~*~ (stealth).
    85 | D:1      | HP: 2/12 [ball python (2)]
    89 | D:1      | Slain by a kobold

Levels and vault maps discovered:
D:1:      giann_wishing_wells, layout_rooms, nrook_loot_triangle

Action                   || total
-------------------------++-------
Melee: Hand axe          ||     8
       Kick              ||     3
       Peck              ||     1
Throw: Boomerang         ||     3
Armor: Leather armour    ||     8
Dodge: Dodged            ||     2

Table legend:
 A = Non-vault XP
 B = Vault XP
 C = Vault XP percentage of total XP
 D = Non-vault monster count
 E = Vault monster count
 F = Vault count percentage of total count
                 A         B        C        D         E       F
            +---------+---------+-------+---------+---------+-------
      Total |       5 |       0 |   0.0 |       3 |       0 |   0.0
            +---------+---------+-------+---------+---------+-------
        D:1 |       5 |       0 |   0.0 |       3 |       0 |   0.0
            +---------+---------+-------+---------+---------+-------
